cohdb
Replays
Latest Replays
All Replays
Popular Replays
Top Player Replays
Match Explorer
How It Works
Community
CoH3 Stats
Reddit
Sign in to upload your games and track your stats! →
Sign in with Steam
Match 44122593
Unlisted
Match 44122593
Overview
Messages
Build Orders
End
Construct Section Command Post
Infantry Section
Dingo Light Scout Car
Infantry Section
Infantry Section
Construct Platoon Command Post
Selects Heavy Armor Battlegroup
Selects Rigorous Vehicle Training
Humber Armored Car
CMP 15cwt Truck
Infantry Section
Selects Forward Repair Assembly
Selects UNKNOWN (2162094)
Selects Light Vehicle Withdraw and Refit
Infantry Training
Unlock M3 Stuart Light Tanks
6-pounder Anti-tank Gun Team
Grenade Package
TidaL
Mantarochen/Pickle-Ricky96
0
0
Comments
sign in to comment!
No comments posted yet!